 Dungeon Crawl Stone Soup version 0.20-a0-454-g2b43fbb (webtiles) character file.

11757 mopl the Carver (level 11, -2/86 HPs)
             Began as a Barachian Skald on Jan 8, 2017.
             Was a High Priest of Okawaru.
             Slain by a black mamba (4 damage)
             ... on level 1 of the Lair of Beasts on Jan 9, 2017.
             The game lasted 00:36:52 (13241 turns).

mopl the Carver (Barachian Skald)                  Turns: 13241, Time: 00:36:53

Health: -2/86      AC: 12    Str:  9    XL:     11   Next: 82%
Magic:  22/24      EV: 13    Int: 12    God:    Okawaru [*****.]
Gold:   534        SH:  0    Dex: 20    Spells: 3/14 levels left

rFire  . . .     SeeInvis .     a - +0 short sword (elec)
rCold  . . .     Gourm    .     P - +4 ring mail of Eternal Vigilance {rCorr Dex+6}
rNeg   . . .     Faith    .     (no shield)
rPois  +         Spirit   .     (no helmet)
rElec  .         Reflect  .     K - +0 cloak
rCorr  +         Harm     .     H - +1 pair of gloves
MR     .....                    (no boots)
Stlth  +.........               o - amulet of rage
                                D - ring of magical power
                                z - ring of poison resistance

@: can't hop, very slightly contaminated, slow
A: swims, slowness 1, strong legs 1
a: Hop, Heroism, Finesse, Renounce Religion, Evoke Berserk Rage


You were on level 1 of the Lair of Beasts.
You worshipped Okawaru.
Okawaru was extremely pleased with you.
You were hungry.

You visited 3 branches of the dungeon, and saw 13 of its levels.

You collected 668 gold pieces.
You spent 134 gold pieces at shops.

Inventory:

Hand Weapons
 a - a +0 short sword of electrocution (weapon)
 u - a +3 dagger of venom
 y - a +0 dagger of holy wrath
 E - a +0 falchion
 R - a +0 blowgun
Missiles
 p - 65 poisoned needles
 G - 2 curare-tipped needles
 U - 7 tomahawks (quivered)
Armour
 B - a +1 leather armour of cold resistance
 H - a +1 pair of gloves (worn)
 K - a +0 cloak (worn)
 P - the +4 ring mail of Eternal Vigilance (worn) {rCorr Dex+6}
   (You found it on level 10 of the Dungeon)

   It affects your dexterity (+6).
   It protects you from acid and corrosion.
 X - a +0 troll leather armour
 Y - a +0 shield of positive energy
Jewellery
 o - an amulet of rage (around neck)
 z - a ring of poison resistance (left hand)
 C - an uncursed ring of ice
 D - a ring of magical power (right hand)
Wands
 x - a wand of disintegration (0/24)
 I - a wand of polymorph (7/24)
 T - a wand of random effects (29/48)
Scrolls
 e - 2 scrolls of remove curse
 f - a scroll of random uselessness {unknown}
 k - a scroll of teleportation
 l - a scroll of immolation {unknown}
 n - 4 scrolls of magic mapping {unknown}
 v - 2 scrolls of recharging {unknown}
 A - 5 scrolls of amnesia {unknown}
 N - 2 scrolls of blinking {unknown}
 O - 6 scrolls of identify
 Q - a scroll of noise {unknown}
 W - a scroll of torment {unknown}
Potions
 b - a potion of cure mutation {!q}
 g - 2 potions of invisibility
 m - 4 potions of flight
 q - 4 potions of cancellation
 s - 7 potions of curing
 L - a potion of ambrosia
 S - 2 potions of might
 V - a potion of heal wounds
Comestibles
 c - 3 chunks of flesh
 d - 7 bread rations
 M - 3 beef jerkies


   Skills:
 + Level 7.9 Fighting
 * Level 12.3 Long Blades
 - Level 1.1 Armour
 + Level 5.3 Dodging
 - Level 2.0 Spellcasting
 - Level 5.5 Hexes
 + Level 6.4 Charms
 - Level 4.0 Necromancy
 - Level 3.0 Translocations
 + Level 6.6 Invocations
 + Level 2.0 Evocations


You had 3 spell levels left.
You knew the following spells:

 Your Spells              Type           Power        Failure   Level  Hunger
a - Infusion              Chrm           ###.         8%          1    ##.....
b - Song of Slaying       Chrm           ###.....     12%         2    ###....
c - Spectral Weapon       Hex/Chrm       ###.....     24%         3    ####...
f - Shroud of Golubria    Chrm/Tloc      ##........   17%         2    ###....
r - Regeneration          Chrm/Necr      ##........   30%         3    ####...


Dungeon Overview and Level Annotations

Branches:
Dungeon (11/15)            Temple (1/1) D:6            Lair (1/6) D:10
    Orc: D:9-12

Altars:
Ashenzari
Cheibriados
Dithmenos
Elyvilon
Fedhas
Gozag
Hepliaklqana
Kikubaaqudgha
Makhleb
Nemelex Xobeh
Okawaru
Qazlal
Ru
Sif Muna
Trog
Uskayaw
Vehumet
Xom
Yredelemnul
Zin
The Shining One

Shops:
D:9 *

Annotations:
D:9 exclusion: ice statue
D:11 4 runed doors


Innate Abilities, Weirdness & Mutations

You can swim through water.
You cover ground slowly.
You can hop short distances.


Message History

* * * LOW HITPOINT WARNING * * *
The black mamba bites you but does no damage.
You hit the black mamba but do no damage.
The black mamba is moderately wounded.
The black mamba bites you but does no damage.
You hit the black mamba but do no damage.
The black mamba is moderately wounded.
The black mamba barely misses you. The black mamba bites you!
* * * LOW HITPOINT WARNING * * *
Okay, then.
Unknown command.
Unknown command.
Okay, then.
Throwing (i - inventory. (,) - cycle):
t - a throwing net (quivered)
Press: ? - help, Shift-Dir - straight line, f - black mamba
Aim: a black mamba (moderately wounded)
You throw a throwing net.
The throwing net barely misses the black mamba.
The black mamba bites you.
You die...

............#.#
.#..####.##...#
## #..####.#
#.### .
######.#.####..#
...............#
.#.##.##..######
## ##.# #@# #S#
#.# #.P# ?.##
##.. #.# #(. #.#


You could see a black mamba.

Vanquished Creatures
  A hydra (D:11)
  A death yak (D:11)
  The ghost of Nuatha the Spear-Bearer, a novice OpAK of Lugonu (D:9)
  An ugly thing (D:11)
  The ghost of nht the Slicer, a novice BaHu of Trog (D:7)
  A troll (D:11)
  A slime creature (D:8)
  5 hippogriffs
  Grinder (D:6)
  Sigmund (D:4)
  7 yaks (D:11)
  The ghost of removeelyvilon the Grappler, an amateur NaTm (D:3)
  3 hungry ghosts
  A basilisk (Lair:1)
  A steam dragon (D:7)
  The ghost of nht the Bolt Thrower, an amateur BaHu (D:4)
  Edmund (D:5)
  3 water moccasins
  Duvessa (D:6)
  A porcupine (Lair:1)
  5 orc warriors
  A black bear (D:9)
  2 ice beasts
  2 phantoms
  A necrophage (D:8)
  2 sky beasts
  4 centaurs
  5 ogres
  A crocodile (D:11)
  2 big kobolds (D:8)
  Blork the orc (D:5)
  5 bullfrogs
  A water moccasin zombie (D:10)
  Dowan (D:6)
  A scorpion (D:6)
  6 killer bees
  A water moccasin skeleton (D:5)
  5 howler monkeys
  2 crimson imps
  A quasit (D:6)
  7 hounds
  8 jellies (D:8)
  Crazy Yiuf (D:5)
  4 orc priests
  3 bullfrog skeletons
  8 orc wizards
  5 iguanas
  Terence (D:2)
  9 worker ants
  A hound skeleton (D:8)
  A howler monkey zombie (D:5)
  A worker ant zombie (D:7)
  11 gnolls
  3 adders
  A shadow imp (D:9)
  10 oozes
  3 worms (D:2)
  2 adder zombies (D:9)
  A dart slug (D:2)
  2 leopard geckos (D:3)
  35 orcs
  2 ball pythons
  5 bats
  7 giant cockroaches
  10 goblins
  10 hobgoblins
  10 jackals
  7 quokkas
  2 frilled lizards
  2 goblin skeletons (D:6)
  A goblin zombie (D:6)
  2 hobgoblin zombies (D:6)
  A jackal skeleton (D:4)
  16 kobolds
  A kobold skeleton (D:6)
  A kobold zombie (D:6)
  2 orc zombies (D:6)
  A quokka skeleton (D:4)
  7 rats
287 creatures vanquished.

Vanquished Creatures (others)
  7 fungi (D:8)
  4 spectral weapons
11 creatures vanquished.

Grand Total: 298 creatures vanquished

Notes
Turn   | Place    | Note
-------+----------+-------------------------------------------
     0 | D:1      | mopl the Barachian Skald began the quest for the Orb.
     0 | D:1      | Reached XP level 1. HP: 16/16 MP: 3/3
   390 | D:1      | Reached XP level 2. HP: 22/22 MP: 0/5
   417 | D:1      | Reached skill level 3 in Long Blades
   428 | D:1      | Learned a level 2 spell: Shroud of Golubria
   431 | D:1      | Learned a level 2 spell: Song of Slaying
   539 | D:2      | Noticed Terence
   778 | D:2      | Found a faded altar of an unknown god.
  1086 | D:2      | Reached XP level 3. HP: 26/27 MP: 3/6
  1241 | D:2      | Killed Terence
  1241 | D:2      | Reached skill level 4 in Long Blades
  1365 | D:2      | Reached XP level 4. HP: 9/33 MP: 7/7
  1825 | D:2      | Reached skill level 5 in Long Blades
  2399 | D:2      | Reached XP level 5. HP: 15/38 MP: 8/8
  2769 | D:2      | Learned a level 3 spell: Regeneration
  3475 | D:3      | Noticed removeelyvilon's ghost (amateur NaTm)
  3504 | D:3      | Killed removeelyvilon's ghost
  3504 | D:3      | Reached skill level 6 in Long Blades
  3504 | D:3      | Reached XP level 6. HP: 44/44 MP: 6/9
  3533 | D:3      | Reached skill level 4 in Charms
  3992 | D:4      | Noticed nht's ghost (amateur BaHu)
  4095 | D:4      | Killed nht's ghost
  4095 | D:4      | Reached skill level 7 in Long Blades
  4095 | D:4      | Reached XP level 7. HP: 46/50 MP: 8/10
  4327 | D:3      | Reached skill level 5 in Charms
  4494 | D:4      | Reached skill level 1 in Necromancy
  4494 | D:4      | Reached skill level 1 in Translocations
  5028 | D:5      | Entered Level 5 of the Dungeon
  5163 | D:5      | Reached skill level 2 in Translocations
  5202 | D:5      | Noticed Edmund
  5213 | D:5      | Killed Edmund
  5213 | D:5      | Reached skill level 2 in Necromancy
  5213 | D:5      | Reached XP level 8. HP: 56/56 MP: 11/11
  5216 | D:5      | Reached skill level 8 in Long Blades
  5231 | D:5      | Noticed Blork the orc
  5257 | D:5      | Killed Blork the orc
  5257 | D:5      | Reached skill level 3 in Translocations
  5283 | D:5      | Learned a level 3 spell: Spectral Weapon
  5519 | D:5      | Noticed Sigmund
  5617 | D:4      | Killed Sigmund
  5617 | D:4      | Reached skill level 3 in Necromancy
  5905 | D:5      | Reached skill level 1 in Hexes
  5936 | D:5      | Found a runed door.
  5941 | D:5      | Noticed Crazy Yiuf
  5944 | D:5      | Killed Crazy Yiuf
  6101 | D:6      | Reached skill level 4 in Necromancy
  6126 | D:6      | Reached skill level 3 in Fighting
  6126 | D:6      | Reached skill level 9 in Long Blades
  6191 | D:6      | Found a glowing golden altar of the Shining One.
  6203 | D:6      | Reached XP level 9. HP: 62/64 MP: 5/12
  6259 | D:6      | Reached skill level 2 in Hexes
  6383 | D:6      | Found a shimmering altar of Xom.
  6387 | D:6      | Noticed an angel
  6389 | D:6      | Found a glowing silver altar of Zin.
  6515 | D:6      | Reached skill level 4 in Fighting
  6558 | D:6      | Noticed Duvessa
  6559 | D:6      | Noticed Dowan
  6559 | D:6      | Found a staircase to the Ecumenical Temple.
  7240 | D:6      | Noticed Grinder
  7246 | Temple   | Entered the Ecumenical Temple
  7319 | Temple   | Became a worshipper of Warmaster Okawaru
  7344 | D:6      | Killed Grinder
  7344 | D:6      | Reached skill level 3 in Hexes
  7344 | D:6      | Reached skill level 1 in Invocations
  7500 | D:7      | Noticed nht's ghost (novice BaHu)
  7733 | D:6      | Killed Duvessa
  7733 | D:6      | Reached * piety under Okawaru
  7733 | D:6      | Reached skill level 2 in Invocations
  7739 | D:7      | Killed nht's ghost
  7739 | D:7      | Reached skill level 5 in Fighting
  7739 | D:7      | Reached skill level 4 in Hexes
  7791 | D:6      | Killed Dowan
  7791 | D:6      | Reached skill level 3 in Invocations
  7894 | D:7      | Reached ** piety under Okawaru
  7984 | D:7      | Found a radiant altar of Vehumet.
  7984 | D:7      | Found a hide-covered altar of Uskayaw.
  7984 | D:7      | Found a stormy altar of Qazlal.
  7986 | D:7      | Found a hazy altar of Hepliaklqana.
  8229 | D:7      | Reached skill level 10 in Long Blades
  8323 | D:7      | Reached XP level 10. HP: 51/76 MP: 13/13
  8408 | D:7      | Found an opulent altar of Gozag.
  9021 | D:8      | Found a shadowy altar of Dithmenos.
  9115 | D:8      | Reached skill level 6 in Fighting
  9115 | D:8      | Reached skill level 4 in Invocations
  9582 | D:8      | Reached skill level 5 in Hexes
  9687 | D:8      | Reached skill level 3 in Dodging
  9950 | D:8      | Reached *** piety under Okawaru
 10202 | D:9      | Noticed Nuatha's ghost (novice OpAK)
 10266 | D:9      | Killed Nuatha's ghost
 10266 | D:9      | Reached skill level 11 in Long Blades
 10266 | D:9      | Reached skill level 5 in Invocations
 10509 | D:9      | Found Kiqe Tio's Assorted Antiques.
 10517 | D:9      | Bought a scroll labeled DUSCHA TOMIG for 28 gold pieces
 10517 | D:9      | Bought 2 golden potions for 50 gold pieces
 10517 | D:9      | Bought a scroll labeled ODUEKUG XYTOPUED for 28 gold pieces
 10517 | D:9      | Bought a scroll labeled DUSCHA TOMIG for 28 gold pieces
 10592 | D:9      | Noticed an ice statue
 10782 | D:9      | Reached skill level 4 in Dodging
 11087 | D:10     | Entered Level 10 of the Dungeon
 11148 | D:10     | Found a staircase to the Lair.
 11156 | D:10     | Noticed a death yak
 11157 | D:10     | Noticed a death yak
 11159 | D:10     | Noticed a death yak
 11168 | D:10     | Found a shattered altar of Ashenzari.
 11193 | D:10     | Noticed a two-headed ogre
 11200 | D:10     | Reached **** piety under Okawaru
 11200 | D:10     | Reached XP level 11. HP: 47/83 MP: 15/15
 11359 | D:10     | Got a bloodstained ring mail
 11377 | D:10     | Identified the +4 ring mail of Eternal Vigilance {rCorr Dex+6} (You found it on level 10 of the Dungeon)
 11528 | D:11     | Killed a death yak
 11528 | D:11     | Reached skill level 7 in Fighting
 11641 | D:11     | Found a runed door.
 11641 | D:11     | Noticed a cyan ugly thing
 11844 | D:11     | Noticed a four-headed hydra
 11854 | D:11     | Killed a four-headed hydra
 11939 | D:11     | Reached skill level 6 in Invocations
 11942 | D:11     | Reached ***** piety under Okawaru
 11972 | D:11     | Found a runed door.
 12016 | D:11     | Found a runed door.
 12059 | D:11     | Reached skill level 6 in Charms
 12342 | D:11     | Reached skill level 12 in Long Blades
 12368 | D:11     | Killed a cyan ugly thing
 12368 | D:11     | Reached skill level 5 in Dodging
 12432 | D:11     | Reached skill level 1 in Evocations
 12449 | D:11     | HP: 5/127 [something (4)]
 12721 | D:11     | Found a runed door.
 12889 | D:11     | Received a gift from Okawaru
 13063 | Lair:1   | Entered Level 1 of the Lair of Beasts
 13160 | Lair:1   | Reached skill level 2 in Evocations
 13240 | Lair:1   | HP: 1/86 [black mamba (15)]
 13241 | Lair:1   | Slain by a black mamba

Vault maps used:
D:1:      dpeg_chamrin_arrival_tetris, minmay_misc_feat_hallway
D:2:      chequers_ecumenical_altar_simple_redux, minmay_door_square,
          uniq_terence
D:3:      minivault_24
D:4:      first_bread
D:5:      guppyfry_early_orc_mine, uniq_blork_the_orc, uniq_crazy_yiuf_cottage,
          uniq_edmund, uniq_sigmund
D:6:      grunt_temple_overflow_order_and_chaos_1, nicolae_tso_besieged_by_evil,
          uniq_duvessa, uniq_grinder
D:7:      nicolae_gozag_seed_capital, chequers_temple_overflow_statue_of_worship
D:8:      lemuel_slime, lemuel_round_altar, grunt_ogre_cave
D:9:      minmay_separated_statues, serial_shops, nicolae_shop_waterfront,
          amethyst_killhole, minmay_misc_feat_ornament
D:10:     dpeg_lair_monsters, basic_altar
D:11:     minmay_statue_crystal_thing
Temple:   dshaligram_water_room_temple

Skill      XL: |  1  2  3  4  5  6  7  8  9 10 11 |
---------------+----------------------------------+-----
Long Blades    | 3 4 5 6 7 9 10 11 12 | 12.3
Charms         | 4 5 6 |  6.4
Necromancy     | 2 4 |  4.0
Translocations | 2 3 |  3.0
Hexes          | 1 4 5 |  5.5
Fighting       | 3 5 6 7 |  7.9
Invocations    | 3 5 6 |  6.6
Dodging        | 4 5 |  5.3
Evocations     | 2 |  2.0
Armour         | |  1.1
Spellcasting   | |  2.0

Action                   |  1- 3 |  4- 6 |  7- 9 | 10-12 || total
-------------------------+-------+-------+-------+-------++-------
Melee: Falchion          |    65 |       |    39 |       ||   104
       Short sword       |     5 |   161 |   336 |   613 ||  1115
       Unarmed           |       |       |     8 |       ||     8
       Dagger            |       |       |    13 |    17 ||    30
       Quarterstaff      |       |       |       |    26 ||    26
Throw: Throwing net      |     1 |       |       |     1 ||     2
 Cast: Infusion          |     8 |     2 |     1 |     1 ||    12
       Shroud of Golubri |       |     4 |     5 |     8 ||    17
       Regeneration      |       |       |    22 |    50 ||    72
       Spectral Weapon   |       |       |     6 |    21 ||    27
       Song of Slaying   |       |       |     1 |     3 ||     4
Invok: Heroism           |       |       |       |     4 ||     4
 Abil: Hop               |     1 |       |     1 |     4 ||     6
       Evoke Berserk Rag |     1 |     3 |     6 |     7 ||    17
Evoke: Wand              |       |       |     3 |       ||     3
  Use: Scroll            |       |     5 |    10 |     7 ||    22
       Potion            |       |       |     2 |     3 ||     5
 Stab: Distracted        |       |       |     1 |     2 ||     3
  Eat: Chunk             |     3 |    11 |    21 |    37 ||    72
       Pizza             |       |       |     1 |     1 ||     2
       Beef jerky        |       |       |     1 |     4 ||     5
       Royal jelly       |       |       |     1 |       ||     1
       Fruit             |       |       |     1 |       ||     1
Armor: Leather armour    |     7 |    41 |    84 |    82 ||   214
       Skin              |       |       |     5 |       ||     5
       Ring mail         |       |       |       |   142 ||   142
Dodge: Dodged            |    34 |    98 |   267 |   413 ||   812
       Rpst.: Falchion   |    11 |       |     8 |       ||    19
